 Dungeon Crawl Stone Soup version 0.25-a0-942-g87a53962fc (webtiles) character file.

Game seed: 10693196404392904200, levelgen mode: classic

46 Amnesiac the Magician (level 3, -9/19 HPs)
             Began as a Deep Elf Wizard on May 7, 2020.
             Mangled by Edmund
             ... wielding a +1 flail of pain
              (10 damage)
             ... on level 3 of the Dungeon.
             The game lasted 00:06:12 (901 turns).

Amnesiac the Magician (Deep Elf Wizard)              Turns: 901, Time: 00:06:12

Health: -9/19      AC:  2    Str:  4    XL:     3   Next: 46%
Magic:  2/11       EV: 13    Int: 20    God:
Gold:   37         SH:  0    Dex: 13    Spells: 0/11 levels left

rFire    . . .     SeeInvis +   (no weapon)
rCold    . . .     Gourm    .   (no shield)
rNeg     . . .     Faith    .   a - +0 robe
rPois    .         Spirit   .   (no helmet)
rElec    .         Reflect  .   (no cloak)
rCorr    .         Harm     .   (no gloves)
MR       .....                  (no boots)
Stlth    ++........             (no amulet)
HPRegen  0.06/turn              h - -3 ring of intelligence (curse)
MPRegen  0.12/turn              i - ring of see invisible

@: no status effects
A: no striking features
a: no special abilities


You were on level 3 of the Dungeon.
You were not hungry.

You visited 1 branch of the dungeon, and saw 4 of its levels.

You collected 37 gold pieces.

Inventory:

Armour
 a - a +0 robe (worn)
 c - a +0 buckler
Jewellery
 h - a cursed -3 ring of intelligence (left hand)
 i - a ring of see invisible (right hand)
Potions
 e - a potion of haste {!q, unknown}
Comestibles
 b - 2 rations
 d - 3 chunks of flesh


   Skills:
 - Level 2.4 Dodging
 - Level 2.4 Stealth
 - Level 4.5 Spellcasting
 * Level 3.7 Conjurations
 - Level 1.1 Summonings
 - Level 1.1 Translocations


You couldn't memorise any spells.
You knew the following spells:

 Your Spells              Type           Power        Failure   Level  Hunger
a - Magic Dart            Conj           ###.         2%          1    None
b - Call Imp              Summ           #.......     12%         2    #......
e - Mephitic Cloud        Conj/Pois/Air  #.......     22%         3    ##.....
s - Conjure Flame         Conj/Fire      ##......     17%         3    ##.....
v - Blink                 Tloc           N/A          12%         2    #......

Your spell library contained the following spells:

 Spells                   Type           Power        Failure   Level  Hunger
 Slow                     Hex            #.......     19%         2    #......


Dungeon Overview and Level Annotations

Branches:
Dungeon (4/15)
 Temple: D:4-7

Altars:

Annotations:
D:3 2 transporters, Edmund; Hasart's ghost, amateur DEIE


Message History

Casting: Magic Dart (safe; 2% risk of failure)
Confirm with . or Enter, or press ? or * to list all spells.
You don't have enough magic to cast that spell.
The ogre gestures wildly.
The ogre hits Edmund with a +0 giant club!
Edmund gestures with his flail.
There is a stone staircase leading up here.
Edmund completely misses you.
You climb upwards.
Level annotation: 2 transporters, Hasart's ghost, amateur DEIE
There is a stone staircase leading down here.
Casting: Magic Dart (safe; 2% risk of failure)
Confirm with . or Enter, or press ? or * to list all spells.
A beastly little devil appears in a puff of flame.
Edmund hits you with a +1 flail of pain.
* * * LOW HITPOINT WARNING * * *
Edmund mutters, "Who needs spells, anyway?"
Your crimson imp blinks!
Found a ration.
A gnoll comes into view.
Found 11 gold pieces.
You swap places.
Edmund closely misses your crimson imp. Edmund barely misses your crimson imp.
Your magical contamination has completely faded away.
Edmund misses your crimson imp.
Your crimson imp blinks!
Your crimson imp blinks!
Casting: Call Imp (safe; 12% risk of failure)
Confirm with . or Enter, or press ? or * to list all spells.
You miscast Call Imp.
You are very lightly contaminated with residual magic.
Nothing appears to happen.
Your crimson imp disappears in a puff of smoke!
Casting: Call Imp (safe; 12% risk of failure)
Confirm with . or Enter, or press ? or * to list all spells.
A shadowy apparition takes form in the air.
Edmund barely misses your shadow imp. Edmund misses your shadow imp.
Unknown command.
Edmund hits your shadow imp with a +1 flail of pain.
Your shadow imp gestures at Edmund.
Edmund struggles to resist.
Edmund misses your shadow imp. Edmund barely misses your shadow imp.
Your magical contamination has completely faded away.
Edmund barely misses your shadow imp.
Unknown command.
Edmund hits your shadow imp with a +1 flail of pain.
Unknown command.
Unknown command.
Edmund hits your shadow imp with a +1 flail of pain.
Edmund misses your shadow imp. Edmund closely misses your shadow imp.
Edmund barely misses your shadow imp.
Edmund hits your shadow imp with a +1 flail of pain!
Your shadow imp dies!
Edmund hits you with a +1 flail of pain.
* * * LOW HITPOINT WARNING * * *
You closely miss Edmund.
Edmund is almost dead.
Edmund hits you with a +1 flail of pain!
Ouch! That really hurt!
You die...

##..P♣P♣.♣♣ ###..###.#.♣♣P.P♣♣♣
##.♣.♣♣.P.♣#####...# #.#.# ♣.♣♣♣.
#..♣.♣..♣.♣#......####...# ♣♣♣♣..
#..♣♣.P♣♣P...##..####...## #.....
####♣♣♣♣♣♣♣.##..####...### #.##..
#..#.....................###.#...
#....##.#####..##..###.#..#....#.
#..#..#.####..##w.####.........#.
...>...........@@................
.........##.####.#######....#.##.
>#####...........# ###....##. ##
##.....#..<.## #...###.
#######..###...#..#### ###...# #.
..........#..####....###.....# ##
..###.#.......# ####..#......####
...##.....###... ###....##......
......##.## # #......#####..♣


You could see Edmund and a worm.

Vanquished Creatures
  A worker ant (D:4)
  2 adders (D:3)
  A worm (D:3)
  A leopard gecko (D:3)
  A giant cockroach (D:3)
  A goblin (D:3)
  A hobgoblin (D:3)
  A quokka (D:3)
  4 bats (D:3)
  A frilled lizard (D:3)
14 creatures vanquished.

Notes
Turn   | Place    | Note
-------+----------+-------------------------------------------
     0 | D:1      | Amnesiac the Deep Elf Wizard began the quest for the Orb.
     0 | D:1      | Reached XP level 1. HP: 10/10 MP: 7/7
   279 | D:3      | Reached XP level 2. HP: 11/15 MP: 4/9
   283 | D:3      | Learned a level 2 spell: Blink
   286 | D:3      | Learned a level 2 spell: Call Imp
   553 | D:3      | Noticed an ogre
   554 | D:3      | Noticed an ogre
   555 | D:3      | Noticed Hasart's ghost (amateur DEIE)
   556 | D:3      | Found a transporter.
   560 | D:3      | Found a transporter.
   560 | D:3      | Noticed an ogre
   762 | D:3      | Reached XP level 3. HP: 19/19 MP: 7/11
   767 | D:3      | Learned a level 3 spell: Conjure Flame
   771 | D:3      | Learned a level 3 spell: Mephitic Cloud
   832 | D:4      | Noticed Edmund
   832 | D:4      | Noticed an ogre
   901 | D:3      | Mangled by Edmund

Levels and vault maps discovered:
D:1:      minmay_arrival_diagonal_passages, layout_loops_ring,
          nemelex_xobeh_ov_fountains_minmay
D:2:      layout_loops_ring, doesnt_xom_only_xom
D:3:      layout_rooms, serial_forest, infiniplex_forest_clump_medium,
          infiniplex_forest_zigzag_2, infiniplex_forest_straight_5,
          infiniplex_forest_clump_diagonal, infiniplex_forest_lined_3_way,
          infiniplex_forest_clump_C, infiniplex_forest_end_2,
          infiniplex_forest_clump_tiny, gammafunk_ghost_smash,
          minmay_misc_feat_rows, minivault_11, grunt_ministairs_5
D:4:      layout_basic, first_ration, uniq_edmund

Skill      XL: |  1  2 |
---------------+-------+-----
Conjurations   | 2 3 |  3.7
Dodging        | |  2.4
Stealth        | |  2.4
Spellcasting   | |  4.5
Summonings     | |  1.1
Translocations | |  1.1

Action                   || total
-------------------------++-------
Melee: Unarmed           ||     2
 Cast: Magic Dart        ||    44
       Call Imp          ||     2
       Mephitic Cloud    ||     1
  Use: Scroll            ||     2
  Eat: Ration            ||     1
Armor: Robe              ||     2
Dodge: Dodged            ||    13

Table legend:
 A = Non-vault XP
 B = Vault XP
 C = Vault XP percentage of total XP
 D = Non-vault monster count
 E = Vault monster count
 F = Vault count percentage of total count
                 A         B        C        D         E       F
            +---------+---------+-------+---------+---------+-------
      Total |      67 |       0 |   0.0 |      14 |       0 |   0.0
            +---------+---------+-------+---------+---------+-------
        D:3 |      50 |       0 |   0.0 |      13 |       0 |   0.0
        D:4 |      17 |       0 |   0.0 |       1 |       0 |   0.0
            +---------+---------+-------+---------+---------+-------
